 Dungeon Crawl Stone Soup version 0.24-a0-525-g9231cdcba1 (webtiles) character file.

Game seed: 11289919572893437088

117 Carillon the Digger (level 5, -3/28 HPs)
             Began as a Gargoyle Earth Elementalist on Aug 1, 2019.
             Killed from afar by Natasha (5 damage)
             ... with a puff of flame
             ... on level 2 of the Dungeon.
             The game lasted 00:17:15 (2933 turns).

Carillon the Digger (Gargoyle Earth Elementalist)   Turns: 2933, Time: 00:17:16

Health: -3/28      AC:  6    Str: 11    XL:     5   Next: 1%
Magic:  1/9        EV: 12    Int: 17    God:
Gold:   119        SH:  0    Dex: 10    Spells: 4/10 levels left

rFire    . . .     SeeInvis .   b - +0 club
rCold    . . .     Gourm    .   (no shield)
rNeg     + . .     Faith    .   c - +0 robe
rPois    ∞         Spirit   .   (no helmet)
rElec    +         Reflect  .   (no cloak)
rCorr    .         Harm     .   (no gloves)
MR       .....                  (no boots)
Stlth    ++........             (no amulet)
HPRegen  0.09/turn              (no ring)
MPRegen  0.11/turn              (no ring)

@: very slightly contaminated
A: negative energy resistance 1, electricity resistance, unbreathing,
petrification resistance, rot immunity, AC +4
a: no special abilities


You were on level 2 of the Dungeon.
You were not hungry.

You visited 1 branch of the dungeon, and saw 2 of its levels.

You collected 119 gold pieces.

Inventory:

Hand Weapons
 b - a +0 club (weapon)
Armour
 c - a +0 robe (worn)
Scrolls
 a - a scroll of identify
 e - 2 scrolls of teleportation
Potions
 f - a potion of curing {unknown}
Comestibles
 d - a ration
 g - 3 chunks of flesh


   Skills:
 * Level 0.9 Maces & Flails
 - Level 1.5 Dodging
 - Level 2.1 Stealth
 + Level 3.0 Spellcasting
 + Level 0.5 Conjurations
 - Level 2.0 Transmutations
 + Level 4.7 Earth Magic


You had 4 spell levels left.
You knew the following spells:

 Your Spells              Type           Power        Failure   Level  Hunger
a - Sandblast             Erth           ###...       2%          1    None
b - Stone Arrow           Conj/Erth      ##....       19%         3    ###....
h - Passwall              Tmut/Erth      ##......     7%          2    ##.....

Your spell library contained the following spells:

 Spells                   Type           Power        Failure   Level  Hunger
 Petrify                  Tmut/Erth      ##......     41%         4    ####...
 Lee's Rapid Deconstruct  Erth           ###.......   56%         5    ######.


Dungeon Overview and Level Annotations

Branches:
Dungeon (2/15)

Altars:

Annotations:
D:2 1 runed translucent door, Crazy Yiuf, Natasha


Innate Abilities, Weirdness & Mutations

You are resistant to torment.
Your stone body is resilient. (AC +4)
You are immune to poison.
You resist negative energy. (rN+)
You are resistant to electric shocks. (rElec)
You can survive without breathing.
You are immune to petrification.
You are immune to rotting.


Message History

Aiming: Stone Arrow (safe; 19% risk of failure)
Press: ? - help, Shift-Dir - straight line, f/p - Natasha
Aim: Natasha, carrying a wand of flame (8) (almost dead, unusually agile)
You miscast Stone Arrow.
Wisps of smoke drift from your hands.
Natasha zaps a wand.
The puff of flame hits you!
* * * LOW HITPOINT WARNING * * *
You closely miss Natasha.
Natasha is almost dead.
Natasha casts a spell.
Natasha closely misses you.
You barely miss Natasha.
Natasha is almost dead.
Natasha zaps a wand.
The puff of flame misses you.
You miss Natasha.
Natasha is almost dead.
Natasha closely misses you.
You hit Natasha.
Natasha is almost dead.
Natasha zaps a wand.
The puff of flame hits you.
You die...

#.# ##.## #.######... #.# #####.#
#.# ###.... #######.###.....#
#.###...... .............####
#.......... ######.###..#
#.###..#... #.###..#########.#
#..##.. #.##...<.§.[w....#
#..###.
#.##..######.###.###..###.
########.##.....@h5...........(..
.........##.#######.#####........
###########.# #.# ###..#### #.#
#.# #..# #.# #.# #..## #.#
#w#######...## #.# #....w.....<.#
#.# #########....# #.# ####.#


You could see an iron imp and Natasha.

Vanquished Creatures
  Natasha (D:2)
  3 adders (D:2)
  2 oozes
  2 worms (D:2)
  4 dart slugs
  A giant cockroach (D:1)
  3 goblins
  6 hobgoblins
  8 jackals (D:1)
  3 bats
  3 frilled lizards
  6 kobolds
  3 rats
45 creatures vanquished.

Notes
Turn   | Place    | Note
-------+----------+-------------------------------------------
     0 | D:1      | Carillon the Gargoyle Earth Elementalist began the quest
                  | for the Orb.
     0 | D:1      | Reached XP level 1. HP: 10/10 MP: 3/3
    51 | D:1      | Reached skill level 4 in Earth Magic
    51 | D:1      | Reached XP level 2. HP: 14/15 MP: 3/5
    58 | D:1      | Learned a level 2 spell: Passwall
   178 | D:1      | Reached skill level 1 in Transmutations
   532 | D:1      | Reached XP level 3. HP: 8/19 MP: 1/6
  1620 | D:2      | Reached XP level 4. HP: 24/24 MP: 5/8
  2002 | D:1      | Learned a level 3 spell: Stone Arrow
  2534 | D:2      | Found a runed translucent door.
  2535 | D:2      | Noticed Crazy Yiuf
  2620 | D:2      | Noticed Natasha
  2671 | D:2      | Killed Natasha
  2865 | D:2      | Reached XP level 5. HP: 28/28 MP: 2/9
  2917 | D:2      | Noticed Natasha
  2933 | D:2      | Killed from afar by Natasha

Levels and vault maps discovered:
D:1:      dpeg_chamrin_arrival_tetris, layout_basic
D:2:      layout_loops_ring, uniq_crazy_yiuf_cottage, uniq_natasha

Skill      XL: |  1  2  3  4 |
---------------+-------------+-----
Earth Magic    | 4 |  4.7
Transmutations | 1 2 |  2.0
Spellcasting   | 3 |  3.0
Maces & Flails | |  0.9
Dodging        | |  1.5
Stealth        | |  2.1
Conjurations   | |  0.5

Action                   |  1- 3 |  4- 6 || total
-------------------------+-------+-------++-------
Melee: Unarmed           |   106 |    34 ||   140
       Club              |       |    33 ||    33
 Cast: Sandblast         |    38 |    17 ||    55
       Stone Arrow       |       |     5 ||     5
  Use: Scroll            |     2 |     1 ||     3
 Stab: Sleeping          |     2 |       ||     2
  Eat: Ration            |     1 |     1 ||     2
       Chunk             |       |     1 ||     1
Armor: Robe              |    71 |    20 ||    91
Dodge: Dodged            |    88 |    45 ||   133

Table legend:
 A = Non-vault XP
 B = Vault XP
 C = Vault XP percentage of total XP
 D = Non-vault monster count
 E = Vault monster count
 F = Vault count percentage of total count
                 A         B        C        D         E       F
            +---------+---------+-------+---------+---------+-------
      Total |     133 |      35 |  20.8 |      44 |       1 |   2.2
            +---------+---------+-------+---------+---------+-------
        D:1 |      48 |       0 |   0.0 |      23 |       0 |   0.0
        D:2 |      85 |      35 |  29.2 |      21 |       1 |   4.5
            +---------+---------+-------+---------+---------+-------
